 Dungeon Crawl Stone Soup version 0.31-a0-1005-gfbdfbacc72 (webtiles) character file.

Game seed: 434437524917286716

943 Arzdou the Changeling (level 8, 0/48 HPs)
             Began as an Octopode Shapeshifter on Nov 10, 2023.
             Slain by a sky beast (6 damage)
             ... on level 5 of the Dungeon.
             The game lasted 00:11:59 (6736 turns).

Arzdou the Changeling (Octopode Shapeshifter)       Turns: 6736, Time: 00:12:00

Health: 0/48       AC:  1    Str: 15    XL:     8   Next: 12%
Magic:  8/8        EV: 13    Int: 12    God:
Gold:   268        SH:  0    Dex: 18    Spells: 7/7 levels left

rFire   . . .        a - +0 dagger
rCold   . . .        (no shield)
rNeg    . . .        (helmet currently unavailable)
rPois   .            (no amulet)
rElec   .            j - +6 ring of dexterity
rCorr   .            (no ring)
SInv    .            (no ring)
Will    .....        (no ring)
Stlth   ++++         (no ring)
HPRegen 0.28/turn    (no ring)
MPRegen 0.11/turn    (no ring)
                     (no ring)

%: no passive effects
@: beast-form
A: beast (slay +4), almost no armour, amphibious, 8 rings, camouflage 1,
gelatinous body 1, (nimble swimmer 1), tentacles
a: Begin Untransformation


You were on level 5 of the Dungeon.
You were a hulking beast.
You visited 1 branch of the dungeon, and saw 5 of its levels.

You collected 268 gold pieces.

Inventory:

Hand Weapons
 a - a +0 dagger (weapon)
 b - a +0 sling
Jewellery
 j - a +6 ring of dexterity (left tentacle)
 n - a ring of ice
Talismans
 c - a flux talisman
 h - a beast talisman
 r - a blade talisman
Scrolls
 d - 2 scrolls of fog
 e - 3 scrolls of fear
 l - 3 scrolls of enchant weapon
 p - a scroll of noise
 u - a scroll of amnesia
Potions
 f - a potion of lignification
 g - a potion of magic {unknown}
 k - a potion of curing
 m - a potion of degeneration {unknown}
 o - a potion of might {unknown}
 q - a potion of heal wounds {unknown}


   Skills:
 - Level 1.1 Fighting
 - Level 2.1 Dodging
 - Level 6.0 Stealth
 - Level 3.0 Unarmed Combat
 + Level 7.8 Shapeshifting


You had 7 spell levels left.
You didn't know any spells.
Your spell library contained the following spells:

 Spells                   Type           Power      Damage    Failure   Level
 Lesser Beckoning         Tloc           0%         N/A       45%         2
 Gell's Gravitas          Tloc           0%         N/A       69%         3
 Teleport Other           Tloc           0%         N/A       69%         3


Dungeon Overview and Level Annotations

Branches:
Dungeon (5/15)
 Temple: D:4-7

Altars:
Wu Jian

Annotations:
D:4 Eustachio


Innate Abilities, Weirdness & Mutations

You are a hulking beast.
Your limbs bulge with bestial killing power. (Slay +4)
You cannot wear most types of armour.
You are amphibious.
You can wear up to eight rings at the same time.
Your skin changes colour to match your surroundings (Stealth+).
Your rubbery body absorbs attacks. (AC +1, EV +1)
((You are camouflaged when in or above water. (Stealth+)))
You have tentacles for arms and can constrict up to eight enemies at once.


Message History

You constrict the howler monkey. The howler monkey hits you!
* * * LOW HITPOINT WARNING * * *
You hit the howler monkey.
You kill the howler monkey!
A scorpion comes into view.
Items here: $ )) [ ††.
The orc attacks as it pursues you! The orc hits you with a +0 flail.
* * * LOW HITPOINT WARNING * * *
You hit the orc. You grab the orc.
The orc is heavily wounded.
You constrict the orc. The orc barely misses you.
You barely miss the orc.
The orc is heavily wounded.
You constrict the orc.
You kill the orc!
Things that are here:
a +0 club; an orc corpse; a hound corpse
There is a stone staircase leading down here.
You start resting.
A sky beast is nearby!
You hit the sky beast. You squeeze the sky beast.
The sky beast is moderately wounded.
The sky beast hits you. The sky beast shocks you.
You barely miss the sky beast. Your squeeze misses the sky beast.
The sky beast is moderately wounded.
The sky beast hits you. The sky beast shocks you.
You hit the sky beast.
The sky beast is heavily wounded.
The sky beast barely misses you.
You barely miss the sky beast. Your squeeze misses the sky beast.
The sky beast is heavily wounded.
The sky beast flickers out of sight!
Deactivating autopickup; reactivate with Ctrl-A.
Something hits you. Something shocks you.
You hit something. Something hits you. Something shocks you.
* * * LOW HITPOINT WARNING * * *
You hit something. Your squeeze misses something. Something hits you.
* * * LOW HITPOINT WARNING * * *
Something shocks you.
You die...

########...#....# ######.#
##.8..8.##..####.###......#
##.†h.....##≈.# #......#####
#w.######..##.#######..# ..##
##..#..# #..# # .## ##s##.####
#..# # .# #..#.)..# #..# ### .#
#..#.##{###..#### #.. .#
##.##.#h.........# #.# h.
##..#..######.###.# #.
#...#)### #.###.## #.# #
w......##†.#.# #.##...####.#
h8..8o##..##.# #....#.).##.#
########...##.# #.##...#.##.#
~..≈~..~..###.# #.###.##.##.#
..~..≈..~.###.#####.###)##.##.#
..~..~...##.............##.##.#


There were no monsters in sight!

Vanquished Creatures
  A black bear (D:5)
  An ogre (D:4)
  A phantom (D:5)
  A bullfrog (D:3)
  2 scorpions (D:5)
  A howler monkey (D:5)
  A gnoll bouda (D:5)
  An orc priest (D:5)
  3 hounds
  A jelly (D:5)
  Robin (D:3)
  6 adders
  8 gnolls
  2 worms
  9 dart slugs
  8 orcs
  7 bats
  9 endoplasms
  4 giant cockroaches
  18 goblins
  13 hobgoblins
  10 jackals
  8 kobolds
  4 quokkas
  4 ball pythons
  3 frilled lizards
  6 rats
133 creatures vanquished.

Notes
Turn   | Place    | Note
-------+----------+-------------------------------------------
     0 | D:1      | Arzdou the Octopode Shapeshifter began the quest for the
                  | Orb.
     0 | D:1      | Reached XP level 1. HP: 13/13 MP: 1/1
   206 | D:1      | Reached XP level 2. HP: 16/18 MP: 2/2
   454 | D:1      | Reached skill level 1 in Stealth
   454 | D:1      | Reached XP level 3. HP: 23/23 MP: 3/3
  1194 | D:2      | Reached skill level 4 in Shapeshifting
  1213 | D:2      | Reached XP level 4. HP: 28/28 MP: 4/4
  1358 | D:2      | Found an ornate altar of the Wu Jian Council.
  2621 | D:3      | Reached XP level 5. HP: 33/33 MP: 5/5
  2698 | D:3      | Identified the +1 scale mail of Liberty {Drain rCorr Str+3}
  2714 | D:3      | Noticed Robin
  2719 | D:3      | Killed Robin
  3111 | D:3      | Reached skill level 5 in Stealth
  3111 | D:3      | Reached XP level 6. HP: 19/38 MP: 6/6
  3271 | D:3      | Reached skill level 5 in Shapeshifting
  4451 | D:4      | Noticed Eustachio
  5090 | D:5      | Entered Level 5 of the Dungeon
  5144 | D:5      | Reached XP level 7. HP: 7/43 MP: 7/7
  5346 | D:5      | Reached skill level 6 in Shapeshifting
  6460 | D:5      | Reached skill level 7 in Shapeshifting
  6564 | D:5      | Reached XP level 8. HP: 26/48 MP: 8/8
  6736 | D:5      | Slain by a sky beast

Illustrated notes

Levels and vault maps discovered:
D:1:      evilmike_arrival_rings, layout_basic, roderic_lattice_a
D:2:      layout_basic, basic_altar
D:3:      cheibrodos_greedy_goblins, layout_loops_ring, uniq_robin
D:4:      layout_layer_cave, uniq_eustachio
D:5:      layout_loops_ring, chei_slow_surprise, kb_lookout_dungeons_type,
          nzn_random_ring

Skill      XL: |  1  2  3  4  5  6  7 |
---------------+----------------------+-----
Stealth        | 1 2 3 5 6 |  6.0
Shapeshifting  | 4 5 7 |  7.8
Fighting       | |  1.1
Dodging        | |  2.1
Unarmed Combat | |  3.0

Action                     |  1- 3 |  4- 6 |  7- 9 || total
---------------------------+-------+-------+-------++-------
  Melee: Dagger            |    75 |   120 |    72 ||   267
         Unarmed           |     2 |       |       ||     2
         Constrict         |    21 |    31 |    18 ||    70
         Tentacles         |    14 |    28 |    17 ||    59
         Punch             |     2 |     1 |     3 ||     6
   Fire: Sling             |     7 |    44 |     2 ||    53
    Use: Scroll            |       |     7 |     5 ||    12
         Potion            |       |     1 |     1 ||     2
   Stab: Sleeping          |    10 |    13 |     6 ||    29
         Distracted        |       |     1 |       ||     1
 Armour: Skin              |    40 |    56 |    40 ||   136
  Dodge: Dodged            |    49 |    70 |    43 ||   162

Table legend: (Time is in decaauts)
 A = Elapsed time spent in this place.
 B = Non-inter-level travel time spent in this place.
 C = Inter-level travel time spent in this place.
 D = Time resting spent in this place.
 E = Time spent auto-exploring this place.
 F = Levels seen in this place.
 G = Mean time per level.
                   A        B        C        D        E       F      G
               +--------+--------+--------+--------+--------+-----+--------+
         Total |   6747 |   6383 |    364 |   1272 |   3971 |   5 | 1349.4 |
       Dungeon |   6747 |   6383 |    364 |   1272 |   3971 |   5 | 1349.4 |
               +--------+--------+--------+--------+--------+-----+--------+

Top non-repeatable levels by time:
     D:2: 1597 daAuts
     D:5: 1498 daAuts
     D:3: 1247 daAuts
     D:4: 1244 daAuts
     D:1: 1160 daAuts
